Map: 터보 크루즈 '84 - 래더

Players

Clem

  • Race: Terran Terran
  • League: Grandmaster
  • Spawn Location: 3:00

TSGSolar (Solar) - Winner!

  • Race: Zerg Zerg
  • Spawn Location: 7:00

Event: HomeStory Cup XIX

VOD

Have the link to the VOD?

Description

Time

  • Played on: June 27, 2019, 6:22 a.m.
  • Length: 11:52

All games in this series

Show
View Real Time Build Order
Export as new Build Order

Clem Terran 

Build Orders: Liberator Opening, Reaper Expand 

Get SALT Encoding   

  12  0:01  SCV  
  13  0:13  SCV  
  14  0:17  Supply Depot  
  14  0:25  SCV  
  15  0:39  SCV  
  15  0:40  Barracks  
  16  0:44  Refinery  
  16  0:51  SCV  
  17  1:03  SCV  
  18  1:15  SCV  
  19  1:27  Orbital Command, Reaper  
  20  1:40  Command Center  
  20  1:52  Supply Depot  
  20  1:53  SCV  
  21  1:59  Marine  
  22  2:04  Factory  
  22  2:08  SCV  
  23  2:12  Refinery  
  23  2:20  SCV  
  23  2:22  Barracks Reactor  
  24  2:32  SCV  
  25  2:44  SCV  
  26  2:51  Starport  
  26  2:52  Orbital Command  
  26  2:56  SCV  
  27  3:03  Hellion x2  
  31  3:09  SCV  
  31  3:10  Marine  
  33  3:13  Liberator  
  33  3:18  SCV  
  34  3:20  Supply Depot  
  34  3:24  Hellion x2  
  38  3:27  SCV  
  38  3:32  SCV  
  43  3:37  Barracks Tech Lab  
  43  3:39  SCV  
  44  3:44  SCV  
  44  3:46  Supply Depot  
  44  3:48  Hellion  
  47  3:51  Hellion  
  47  3:52  SCV  
  50  3:56  Stimpack  
  50  3:59  SCV  
  51  4:04  SCV  
  52  4:12  Command Center  
  52  4:14  SCV  
  52  4:17  SCV  
  54  4:21  Starport Reactor  
  54  4:22  Marine  
  55  4:24  Factory Reactor  
  55  4:27  SCV  
  55  4:29  SCV  
  55  4:31  Barracks  
  57  4:33  Barracks  
  57  4:39  SCV  
  57  4:40  Marine  
  57  4:41  SCV  
  57  4:43  Supply Depot  
  60  4:50  Engineering Bay x2  
  60  4:51  SCV  
  61  4:53  SCV  
  62  5:04  Marine, SCV  
  62  5:05  SCV  
  60  5:08  Refinery  
  60  5:09  Refinery  
  53  5:16  SCV  
  53  5:17  SCV  
  53  5:18  Terran Infantry Weapons Level 1  
  53  5:19  Terran Infantry Armor Level 1  
  53  5:21  Marine x2  
  52  5:22  Factory Tech Lab  
  52  5:25  Marine  
  52  5:26  Orbital Command  
  52  5:27  Marine x2  
  57  5:28  SCV  
  57  5:30  SCV  
  57  5:31  Medivac  
  57  5:33  Medivac  
  62  5:38  Marine  
  62  5:39  Marine  
  62  5:41  Siege Tank  
  68  5:42  SCV  
  68  5:43  SCV  
  68  5:44  Marine  
  68  5:45  Marine  
  68  5:47  Orbital Command, Marine  
  72  5:55  Armory, Supply Depot  
  72  5:56  Marine, SCV  
  74  5:57  Marine  
  74  6:00  SCV  
  76  6:05  Marine  
  76  6:06  Marine  
  76  6:07  Marine  
  76  6:08  SCV  
  76  6:09  Supply Depot  
  76  6:10  Combat Shield  
  80  6:13  SCV  
  80  6:14  Marine, SCV  
  83  6:20  Barracks  
  83  6:21  Barracks  
  83  6:24  Siege Tank  
  83  6:25  Marine x2  
  88  6:27  SCV  
  88  6:30  SCV x2  
  88  6:32  Marine x2  
  91  6:35  Medivac  
  91  6:38  Medivac  
  91  6:39  Marine  
  99  6:40  SCV  
  99  6:42  SCV  
  99  6:45  Marine  
  99  6:46  Supply Depot  
  101  6:49  Marine  
  101  6:51  SCV  
  101  6:52  SCV  
  101  7:04  Supply Depot  
  101  7:06  Supply Depot  
  101  7:08  Siege Tank, Marine x4, SCV  
  109  7:13  Terran Infantry Armor Level 2  
  109  7:14  Terran Infantry Weapons Level 2  
  109  7:24  Supply Depot  
  109  7:26  Marine x3, SCV x3, Supply Depot  
  109  7:27  Marine x2  
  119  7:32  Terran Vehicle Weapons Level 1, Factory  
  119  7:35  Refinery  
  119  7:36  Refinery  
  116  7:37  Barracks Reactor x2  
  116  7:40  SCV x2  
  116  7:41  SCV  
  116  7:43  Marine x3  
  122  7:47  Marine  
  122  7:48  Marine  
  122  7:50  Siege Tank  
  116  7:52  SCV  
  107  7:59  SCV x2  
  107  8:01  Marine x3  
  107  8:04  SCV  
  107  8:05  Marine  
  102  8:06  Marine  
  102  8:11  SCV  
  95  8:13  Marine  
  95  8:19  Marine x3  
  95  8:22  Siege Tank, Marine x2  
  95  8:23  Marine x2  
  95  8:24  Marine, SCV x2  
  95  8:25  SCV  
  100  8:31  Factory Tech Lab, Marine  
  99  8:36  SCV x2  
  99  8:37  Marine  
  99  8:39  Marine  
  99  8:40  Marine x3, SCV  
  99  8:41  Marine  
  103  8:48  SCV x2  
  103  8:51  Marine x3  
  103  8:52  SCV  
  103  8:54  Siege Tank  
  103  8:55  Marine  
  109  8:57  Marine x2  
  109  9:00  Marine  
  109  9:01  Marine x2  
  109  9:02  Command Center  
  111  9:07  Supply Depot x2  
  111  9:08  SCV  
  111  9:09  Marine, SCV  
  114  9:12  SCV  
  115  9:18  Marine x2  
  115  9:20  Siege Tank, SCV  
  121  9:24  Marine x2, Supply Depot  
  121  9:25  Marine  
  121  9:26  Bunker, SCV  
  121  9:27  SCV, Sensor Tower  
  121  9:30  Marine  
  121  9:31  Marine x2  
  129  9:32  Marine  
  129  9:36  Marine, Medivac  
  133  9:38  Medivac  
  133  9:42  Marine x3  
  138  9:50  Marine  
  139  9:56  Siege Tank, Marine x2, Supply Depot  
  139  9:57  Supply Depot  
  139  9:59  Marine  
  145  10:04  Marine  
  145  10:06  Medivac  
  148  10:09  Marine  
  148  10:14  Siege Tank, Marine, Supply Depot, Marauder  
  155  10:22  Marine x2  
  155  10:23  SCV  
  155  10:28  Marine x2, Medivac  
  160  10:30  SCV  
  162  10:37  Marine x2  
  162  10:38  Marauder  
  166  10:43  Marine x2  
  166  10:44  Siege Tank  
  166  10:48  Marine x2  
  170  10:59  Marauder  
  170  11:01  Marine x3  
  170  11:02  Marine  
  170  11:03  Marine, Supply Depot  
  177  11:08  Marine  
  178  11:17  Marine x2  
  180  11:19  Marine  
  180  11:20  Marauder  
  180  11:23  Marine  
  180  11:27  SCV  
  180  11:28  SCV x2  
Show
View Real Time Build Order
Export as new Build Order

TSGSolar Zerg - Winner!

Build Orders: Hatch First 

Get SALT Encoding   

  12  0:01  Drone  
  13  0:12  Overlord  
  13  0:17  Drone  
  14  0:31  Drone x2  
  16  0:48  Hatchery  
  15  0:51  Drone  
  15  0:55  Drone  
  17  0:59  Drone  
  18  1:08  Extractor  
  17  1:14  Spawning Pool  
  17  1:17  Drone  
  17  1:21  Drone  
  18  1:28  Drone  
  19  1:38  Drone  
  20  1:50  Overlord  
  20  2:00  Zergling x4  
  20  2:01  Queen x2  
  26  2:11  Drone x2  
  28  2:28  Hatchery  
  28  2:29  Metabolic Boost  
  27  2:33  Drone  
  27  2:35  Drone  
  29  2:37  Drone  
  30  2:46  Queen  
  30  2:50  Overlord  
  32  2:54  Drone  
  32  2:57  Drone  
  34  3:00  Drone  
  34  3:01  Drone  
  36  3:09  Drone  
  36  3:10  Drone x3  
  36  3:12  Drone  
  41  3:21  Queen  
  41  3:22  Overlord  
  41  3:24  Drone  
  44  3:30  Overlord  
  44  3:41  Queen  
  46  3:42  Drone x2  
  46  3:43  Drone x2  
  46  3:44  Zergling x4  
  46  3:46  Drone  
  53  3:48  Overlord  
  53  3:52  Drone  
  53  3:53  Zergling x2  
  56  3:55  Drone x2  
  56  3:58  Drone  
  57  4:03  Drone x2  
  57  4:06  Queen  
  57  4:08  Zergling x2  
  62  4:12  Overlord, Spore Crawler  
  62  4:14  Drone  
  62  4:16  Drone  
  63  4:22  Evolution Chamber  
  63  4:24  Zergling x2, Evolution Chamber, Spore Crawler  
  61  4:25  Zergling x2  
  61  4:28  Extractor  
  61  4:30  Drone  
  62  4:31  Drone  
  62  4:36  Drone  
  62  4:37  Drone x4  
  68  4:45  Zergling x4  
  70  4:46  Overlord  
  70  4:52  Zergling x6  
  66  5:00  Drone  
  66  5:01  Drone x4  
  66  5:04  Drone  
  65  5:11  Zergling x4  
  63  5:15  Drone x4  
  63  5:18  Drone x2  
  63  5:19  Zerg Ground Armor Level 1, Zerg Melee Weapons Level 1  
  63  5:20  Drone x2  
  69  5:22  Drone  
  69  5:27  Drone  
  71  5:30  Lair, Extractor  
  71  5:31  Drone x2  
  72  5:37  Drone  
  72  5:38  Drone  
  72  5:40  Baneling Nest  
  72  5:41  Drone  
  72  5:42  Extractor  
  73  5:47  Overlord  
  73  5:49  Drone x5  
  78  5:51  Drone x2  
  78  5:52  Drone  
  81  5:58  Overlord  
  81  6:06  Zergling x10  
  86  6:12  Overlord  
  86  6:15  Zergling x2, Hatchery  
  86  6:20  Zergling x2  
  86  6:22  Zergling x2  
  88  6:27  Zergling x8  
  88  6:30  Zergling x2  
  93  6:33  Centrifical Hooks  
  93  6:34  Zergling x8  
  93  6:36  Baneling x2  
  93  6:37  Overlord  
  93  6:38  Overseer  
  93  6:39  Zergling x6  
  99  6:41  Drone  
  99  6:46  Baneling x4  
  100  6:48  Drone  
  100  6:51  Drone  
  100  6:52  Drone  
  101  6:59  Zergling x8  
  105  7:01  Drone, Hatchery  
  105  7:03  Drone x3  
  105  7:05  Overlord  
  105  7:06  Overlord x2  
  105  7:07  Zergling x2  
  108  7:13  Drone  
  108  7:14  Zerg Ground Armor Level 2  
  108  7:15  Drone, Zerg Melee Weapons Level 2  
  109  7:16  Infestation Pit  
  109  7:19  Zergling x4  
  111  7:24  Overlord  
  111  7:26  Zergling x2  
  111  7:27  Zergling x4, Queen  
  111  7:28  Zergling x2  
  117  7:30  Baneling x7  
  117  7:33  Zergling x6  
  117  7:34  Zergling x2  
  117  7:35  Zergling x2  
  117  7:36  Zergling x2  
  123  7:42  Zergling x4  
  123  7:46  Zergling x8  
  123  7:50  Zergling x4  
  115  7:56  Overlord  
  115  7:57  Zergling x6, Overlord  
  115  8:01  Queen  
  115  8:03  Drone x2  
  108  8:08  Drone x2, Hive  
  108  8:10  Drone  
  108  8:13  Zergling x6  
  108  8:16  Queen  
  108  8:17  Zergling x2  
  108  8:19  Zergling x2  
  99  8:23  Zergling x4  
  98  8:27  Zergling x12  
  98  8:33  Zergling x4  
  102  8:39  Zergling x10  
  106  8:45  Zergling x6  
  101  8:49  Drone x2  
  101  8:50  Drone x3  
  101  8:51  Drone  
  103  8:57  Overlord  
  103  8:58  Drone x3  
  106  9:05  Zergling x6  
  106  9:08  Overlord  
  109  9:10  Zergling x2  
  109  9:12  Baneling x6  
  109  9:14  Zergling x2  
  109  9:15  Zergling x4  
  113  9:18  Zergling x2  
  113  9:20  Zergling x2  
  113  9:21  Adrenal Glands  
  113  9:23  Viper, Ultralisk Cavern  
  113  9:24  Zergling x10, Extractor  
  115  9:29  Zergling x8  
  124  9:32  Drone  
  124  9:33  Drone x3  
  124  9:34  Drone  
  124  9:37  Drone x2  
  131  9:40  Drone  
  131  9:43  Overlord  
  132  9:46  Drone  
  132  9:52  Hatchery  
  131  9:54  Zergling x2  
  131  9:55  Zergling x12  
  136  10:00  Baneling x15  
  136  10:01  Baneling x3, Zergling x2  
  136  10:03  Zergling x2  
  134  10:07  Baneling x6  
  134  10:08  Zergling x4  
  134  10:11  Zergling x6  
  134  10:12  Zergling x2  
  134  10:13  Zergling x2  
  141  10:15  Zergling x4  
  141  10:17  Zergling x4  
  141  10:18  Zergling x2  
  141  10:20  Zergling x4  
  148  10:25  Chitinous Plating  
  150  10:28  Drone x5  
  150  10:34  Ultralisk  
  159  10:36  Overlord  
  159  10:44  Overlord  
  159  10:46  Ultralisk  
  165  10:50  Drone  
  165  10:52  Extractor, Overlord x2  
  165  10:55  Zergling x12  
  171  11:02  Zergling x16  
  178  11:21  Zergling x14  
  178  11:22  Zergling x16  
  191  11:30  Zergling x6  
  191  11:32  Baneling x5  
  199  11:35  Zergling x2  
Tags
 
Add a new tag
Caveats
  • Supply blocks, unpowered buildings, or Contaminate may cause inaccurate times.
  • Supply counts are checked every 10 seconds.